 Dungeon Crawl Stone Soup version 0.14.2-1-g46dc7f8a84 (webtiles) character file.

384 Hugehornet the Sneak (level 6, -2/34 HPs)
             Began as a Kobold Artificer on May 14, 2020.
             Slain by an orc (3 damage)
             ... while paralysed by a crimson imp
             ... on Level 4 of the Dungeon.
             The game lasted 00:10:25 (4538 turns).

Hugehornet the Sneak (Kobold Artificer)             Turns: 4538, Time: 00:10:25

HP  -2/34        AC  3     Str 11      XL: 6   Next: 26%
MP  11/11        EV  3     Int 10      God:
Gold 151         SH  0     Dex 17      Spells:  0 memorised,  5 levels left

rFire  . . .     SeeInvis .     a - +0 short sword
rCold  . . .     Clarity  .     h - +1 robe
rNeg   . . .     Conserve .     p - +0 buckler
rPois  .         rCorr    .     (no helmet)
rElec  .         rRot     .     (no cloak)
SustAb . .       Spirit   .     (no gloves)
rMut   .         Warding  .     (no boots)
Saprov + + .     Stasis   .     (no amulet)
MR     .....                    (no ring)
                                (no ring)

@: paralysed, lethally poisoned, drained, not resistant to hostile enchantments,
quite stealthy
A: disease resistance, carnivore 3, saprovore 2
a: no special abilities


You were on level 4 of the Dungeon.
You were very full.

You visited 1 branch of the dungeon, and saw 4 of its levels.
You also visited: Sewer.

You collected 151 gold pieces.

Inventory:

Hand weapons
 a - a +0,+0 short sword (weapon)
Armour
 e - a +0 leather armour
 h - a +1 robe (worn)
 p - a +0 buckler (worn)
Magical devices
 b - a wand of flame (8)
 c - a wand of enslavement (13)
 d - a wand of random effects (11)
 q - a wand of polymorph (15)
Comestibles
 f - 2 meat rations
 n - a slice of pizza
 v - a pear
Scrolls
 g - 3 scrolls of teleportation
 i - 2 scrolls of recharging
 j - 3 scrolls of blinking {unknown}
 k - 6 scrolls of fear {unknown}
 l - 3 scrolls of remove curse
 r - 2 scrolls of amnesia {unknown}
 s - a scroll of magic mapping
 u - a scroll of enchant armour {unknown}
Potions
 m - a potion of curing
 o - a potion of magic {unknown}
 t - a potion of resistance {unknown}


   Skills:
 - Level 1.1(0.8) Fighting
 + Level 3.7(3.4) Short Blades
 - Level 2.4(2.1) Dodging
 * Level 6.1(5.8) Stealth
 + Level 5.2(4.9) Evocations


You had 5 spell levels left.
You didn't know any spells.

Dungeon Overview and Level Annotations

Branches:
Dungeon (4/15)
 Temple: D:4-7

Altars:
Makhleb
Xom


Innate Abilities, Weirdness & Mutations

You recuperate from illness quickly.
You are small and have problems with some larger weapons.
You are carnivorous and can eat meat at any time.
You can eat rotten meat.


Message History

Aim: a crimson imp, wielding a dagger of chaos You hear a mighty clap of thunder!
The bolt of lightning hits the crimson imp.
The crimson imp is severely wounded.
This wand has 11 charges left.
You hear a shout!
The crimson imp hits you with a dagger of chaos.
* * * LOW HITPOINT WARNING * * *
You miss the crimson imp.
The crimson imp is severely wounded.
The crimson imp hits you with a dagger of chaos.
* * * LOW HITPOINT WARNING * * *
You suddenly lose the ability to move!
The orc barely misses you.
The crimson imp hits you with a dagger of chaos.
* * * LOW HITPOINT WARNING * * *
You are lethally poisoned!
* * * LOW HITPOINT WARNING * * *
You feel sick. The orc hits you.
You die...

##########
##################........#
..........................#
##################........#
#........# #........#
###### #........#
##.####....#####........#
............lo@5........#
##.####....##########..##
####.# ##.#..# #..# #.....
#####.# #..# ......
#_.ยง#.# #..#
#.....###...'.# #..#
#.g...o.#o..### #..#
#....##### . #.o.......


You could see a crimson imp, an orc and a giant newt.

Vanquished Creatures
  A big fish (D:3)
  A worker ant (D:4)
  An adder (D:2)
  A gnoll (Sewer)
  5 green rats (Sewer)
  A giant mite (D:2)
  3 worms (D:3)
  A giant eyeball (Sewer)
  A giant gecko (D:1)
  4 orcs (D:3)
  4 giant cockroaches
  6 goblins
  9 hobgoblins
  12 kobolds
  2 oozes
  3 ball pythons (Sewer)
  8 bats
  13 giant newts
  3 quokkas (D:3)
  12 rats
91 creatures vanquished.

Vanquished Creatures (collateral kills)
  A green rat (Sewer)
  A rat (Sewer)
2 creatures vanquished.

Grand Total: 93 creatures vanquished

Notes
Turn   | Place    | Note
--------------------------------------------------------------
     0 | D:1      | Hugehornet, the Kobold Artificer, began the quest for the Orb.
     0 | D:1      | Reached XP level 1. HP: 12/12 MP: 1/1
   372 | D:1      | Reached XP level 2. HP: 16/16 MP: 3/3
   970 | D:1      | Reached XP level 3. HP: 20/20 MP: 4/4
  1215 | D:2      | Reached skill level 4 in Evocations
  1762 | D:2      | Reached XP level 4. HP: 20/25 MP: 6/6
  2011 | D:3      | Found a glowing drain.
  2255 | Sewer    | Entered a sewer
  2440 | Sewer    | Reached XP level 5. HP: 17/29 MP: 8/8
  2608 | Sewer    | Reached skill level 5 in Stealth
  2626 | Sewer    | Paralysed by a giant eyeball for 2 turns
  3840 | D:3      | Reached XP level 6. HP: 24/34 MP: 10/10
  4082 | D:3      | Reached skill level 5 in Evocations
  4465 | D:4      | Reached skill level 6 in Stealth
  4509 | D:4      | Found a burning altar of Makhleb.
  4510 | D:4      | Found a shimmering altar of Xom.
  4536 | D:4      | Paralysed by a crimson imp for 6 turns
  4538 | D:4      | HP: 1/34 [poisoned by a crimson imp]
  4538 | D:4      | Slain by an orc

Action                   |  1- 3 |  4- 6 || total
-------------------------+-------+-------++-------
Melee: Short sword       |   136 |   258 ||   394
Evoke: Wand              |       |    21 ||    21
  Use: Scroll            |       |     7 ||     7
       Potion            |       |     6 ||     6
 Stab: Sleeping          |     5 |    12 ||    17
       Distracted        |       |     2 ||     2
